 Dungeon Crawl Stone Soup version 0.17-a0-1393-gcb420ff (webtiles) character file.

66 ololoev the Stinger (level 3, -2/24 HPs)
             Began as a Mummy Venom Mage on June 16, 2015.
             Killed from afar by Natasha (3 damage)
             ... with a magic dart
             ... on level 2 of the Dungeon.
             The game lasted 00:07:08 (2091 turns).

ololoev the Stinger (Mummy Venom Mage)              Turns: 2091, Time: 00:07:08

Health: -2/24      AC:  3    Str: 11    XL:     3   Next: 96%
Magic:  1/7        EV: 11    Int: 15    God:
Gold:   91         SH:  0    Dex: 12    Spells: 2 memorised, 4 levels left

rFire  x . .     SeeInvis .     e - +0 dagger
rCold  + . .     Clarity  .     d - +0 leather armour (curse)
rNeg   + + +     SustAt   +     (no shield)
rPois  ∞         Gourm    .     (no helmet)
rElec  .         Spirit   .     (no cloak)
rCorr  .         Warding  .     (no gloves)
rMut   .         Stasis   .     (no boots)
MR     +....                    (no amulet)
Stlth  +.........               f - ring of sustain attributes
                                a - ring of protection from magic

@: somewhat resistant to hostile enchantments, very unstealthy
A: no food or potions, fire vulnerability, cold resistance 1, negative energy
resistance 3, torment resistance, unbreathing
a: no special abilities


Innate Abilities, Weirdness & Mutations

You do not eat or drink.
Your flesh is vulnerable to fire.
You are immune to poison.
Your flesh is cold resistant.
You are immune to negative energy.
You are immune to unholy pain and torment.
You can survive without breathing.

Inventory:

Hand weapons
 e - a +0 dagger (weapon)
Armour
 d - a cursed +0 leather armour (worn)
 j - a cursed +0 chain mail
Jewellery
 a - a ring of protection from magic (left hand)
 f - a ring of sustain attributes (right hand)
Scrolls
 c - a scroll of amnesia {unknown}
 g - a scroll of teleportation {unknown}
 h - 2 scrolls of identify {unknown}
 i - a scroll of recharging {unknown}
 k - a scroll of enchant weapon {unknown}
 l - 3 scrolls of remove curse {unknown}
Books
 b - a Young Poisoner's Handbook

   Spells                             Type                      Level
   a - Sting                          Conjuration/Poison           1
   b - Cure Poison                    Poison                       2
   c - Mephitic Cloud                 Conjuration/Poison/Air       3
   d - Olgreb's Toxic Radiance        Poison                       4
   e - Venom Bolt                     Conjuration/Poison           5


   Skills:
 - Level 1.5 Dodging
 - Level 1.5 Stealth
 + Level 3.0 Spellcasting
 * Level 4.1 Poison Magic


You had 4 spell levels left.
You knew the following spells:

 Your Spells              Type           Power        Failure   Level  Hunger
a - Sting                 Conj/Pois      #...         14%         1    N/A
b - Mephitic Cloud        Conj/Pois/Air  #.......     47%         3    N/A


You were on level 2 of the Dungeon.
You were not hungry.

You visited 1 branch of the dungeon, and saw 2 of its levels.

You collected 91 gold pieces.

#.####.........##.#
#...#8.........8#.#
#.#.+.....:.....'.#
#.###8.........8###
#.# ##.........##
#.#####8†....8##
#..5# ##.....####
###h# ##8.8###.#
#@# ##'##..#### #.#
#........# #g#
####.#.##.# #g#
#..)......# ##.#
#†####.##### #..#
#.# #...... #.##
#.# ####### #.# #.#
#.# #(#

Notes
Turn   | Place    | Note
--------------------------------------------------------------
     0 | D:1      | ololoev the Mummy Venom Mage began the quest for the Orb.
     0 | D:1      | Reached XP level 1. HP: 13/13 MP: 3/3
   403 | D:1      | Reached XP level 2. HP: 19/19 MP: 0/5
  1223 | D:2      | Reached XP level 3. HP: 24/24 MP: 1/7
  1228 | D:2      | Learned a level 3 spell: Mephitic Cloud
  1473 | D:2      | Noticed a moth of wrath
  1476 | D:2      | Found a bloodstained altar of Trog.
  1923 | D:2      | Reached skill level 4 in Poison Magic
  2081 | D:2      | Noticed Natasha
  2088 | D:2      | HP: 1/24 [Natasha (1)]
  2091 | D:2      | Killed from afar by Natasha

Dungeon Overview and Level Annotations

Branches:
Dungeon (2/15)

Altars:
Trog

Annotations:
D:2 Natasha


Message History

Press: ? - help, Shift-Dir - straight line, f/p - gnoll
Aim: a gnoll, wielding a halberd of freezing The sting misses the gnoll.
The sting hits the gnoll.
The gnoll appears unharmed.
The gnoll barely misses you.
Casting: Sting
Confirm with . or Enter, or press ? or * to list all spells.
Aiming: Sting
Press: ? - help, Shift-Dir - straight line, f/p - gnoll
Aim: a gnoll, wielding a halberd of freezing The sting hits the gnoll.
The gnoll appears unharmed.
The gnoll is lightly wounded.
The gnoll hits you from afar with a halberd.
Natasha, Servant of Life and Death comes into view.
You barely miss Natasha. Natasha closely misses you.
The gnoll hits you from afar with a halberd!
Casting: Sting
Confirm with . or Enter, or press ? or * to list all spells.
Aiming: Sting
Press: ? - help, Shift-Dir - straight line, f - Natasha, p - gnoll
Aim: Natasha The sting hits Natasha.
Natasha appears unharmed.
Natasha claws you!
You hit Natasha but do no damage. The gnoll closely misses you.
Natasha mumbles some strange words.
You miss Natasha. Natasha closely misses you. The gnoll misses you.
You hit Natasha but do no damage. Natasha barely misses you.
The gnoll closely misses you.
You hit Natasha but do no damage.
Natasha mewls in sadness.
Natasha claws you. The gnoll hits you but does no damage.
You completely miss Natasha. Natasha casts a spell at you.
You resist with almost no effort. The gnoll barely misses you.
You hit Natasha.
Natasha is lightly wounded.
Natasha claws you.
You barely miss Natasha.
Natasha is lightly wounded.
Natasha casts a spell at you. The magic dart hits you!
You die...

You could see Natasha, 2 gnolls and a crimson imp.

Vanquished Creatures
  A gnoll (D:2)
  An adder (D:2)
  A worm (D:2)
  A giant gecko (D:2)
  A ball python (D:1)
  3 goblins
  9 hobgoblins
  5 bats (D:1)
  5 giant newts
  6 kobolds
  12 rats
45 creatures vanquished.

Action                   || total
-------------------------++-------
Melee: Unarmed           ||     3
       Dagger            ||    60
 Cast: Sting             ||    85

Vault maps used:
D:1:      dpeg_arrival_boxorama, minmay_splitting_lines
D:2:      dk_noncrumbling_4, grunt_ministairs_9, tgw_trog, uniq_natasha
